 Dungeon Crawl Stone Soup version 0.21.1-1-g345015f (webtiles) character file.

53 PaperRat the Skirmisher (level 4, 0/33 HPs)
             Began as a Formicid Chaos Knight on Mar 10, 2018.
             Succumbed to an adder's poison
             ... on level 2 of the Dungeon.
             The game lasted 00:10:03 (1468 turns).

PaperRat the Skirmisher (Formicid Chaos Knight)     Turns: 1468, Time: 00:10:03

Health: 0/33       AC:  6    Str: 19    XL:     4   Next: 11%
Magic:  3/3        EV: 11    Int: 12    God:    Xom [....*.]
Gold:   68         SH:  0    Dex: 10    Spells: 3/3 levels left

rFire    . . .     SeeInvis +   a - +0 spear (chaos)
rCold    . . .     Gourm    .   (no shield)
rNeg     . . .     Faith    .   b - +2 leather armour
rPois    +         Spirit   .   (helmet unavailable)
rElec    .         Reflect  .   (no cloak)
rCorr    .         Harm     .   (no gloves)
MR       .....                  l - +0 pair of boots
Stlth    +.........             (no amulet)
HPRegen  0.11/turn              k - ring of poison resistance
MPRegen  0.08/turn              (no ring)

@: lethally poisoned (0 -> -5)
A: permanent stasis, dig shafts and tunnels, four strong arms, antennae 3, frail
1, low mp 1, strong 1
a: Dig, Shaft Self, Renounce Religion


You were on level 2 of the Dungeon.
You worshipped Xom.
You were a beloved toy of Xom.
You were not hungry.

You visited 1 branch of the dungeon, and saw 2 of its levels.

You collected 68 gold pieces.

Inventory:

Hand Weapons
 a - a +0 spear of chaos (weapon)
Missiles
 h - 103 stones (quivered)
Armour
 b - a +2 leather armour (worn)
 l - a +0 pair of boots (worn)
Jewellery
 k - a ring of poison resistance (left hand)
Scrolls
 d - a scroll of teleportation {unknown}
Potions
 e - a potion of berserk rage
 g - a potion of cancellation {unknown}
 i - a potion of curing {unknown}
 j - a potion of haste
Comestibles
 c - 7 rations


   Skills:
 * Level 4.1 Fighting
 * Level 3.6 Polearms
 * Level 3.0 Armour
 - Level 0.8 Dodging


You had 3 spell levels left.
You didn't know any spells.

Dungeon Overview and Level Annotations

Branches:
Dungeon (2/15)

Altars:
Xom


Innate Abilities, Weirdness & Mutations

You cannot be hasted, slowed, berserked, paralysed or teleported.
You can dig through walls and to a lower floor.
Your four strong arms can wield two-handed weapons with a shield.
You have a pair of large antennae on your head. (SInv)
You are frail. (-10% HP)
Your magical capacity is low. (-10% MP)
Your muscles are strong. (Str +2)


Message History

You are more poisoned.
The adder poisons you!
You hit the adder but do no damage.
The adder is heavily wounded.
* * * LOW HITPOINT WARNING * * *
You feel sick. The adder closely misses you.
It was a potion of haste.
Your stasis prevents you from being hasted.
Xom is amused.
* * * LOW HITPOINT WARNING * * *
You feel sick. The adder bites you but does no damage.
The adder closely misses you.
It was a potion of berserk rage.
Your stasis prevents you from going berserk.
Xom is highly amused!
The adder bites you but does no damage.
It was a potion of mutation.
You feel extremely strange.
You feel less energetic.
You feel frail.
You feel stronger.
You die...
Xom chuckles heartily!

# #### # ..... ####### #
......###.....##########
......S@'..............'
......###......#########
..... #.....)# # ....
##.....# ... #.....# ..
#.)...# # ####### ####
### #... ..# #...


You could see an adder.

Vanquished Creatures
  2 oozes
  2 worms (D:2)
  2 leopard geckos (D:2)
  A giant cockroach (D:2)
  4 goblins
  2 hobgoblins (D:1)
  4 jackals (D:1)
  A ball python (D:2)
  9 bats (D:1)
  A frilled lizard (D:1)
  5 kobolds
  6 rats
39 creatures vanquished.

Notes
Turn   | Place    | Note
-------+----------+-------------------------------------------
     0 | D:1      | PaperRat the Formicid Chaos Knight began the quest for the Orb.
     0 | D:1      | Reached XP level 1. HP: 18/18 MP: 1/1
   177 | D:1      | Reached XP level 2. HP: 16/24 MP: 2/2
   187 | D:1      | XOM: god gift: 4 rations
   657 | D:1      | Reached XP level 3. HP: 22/30 MP: 3/3
  1005 | D:1      | XOM: enchant monster (good)
  1192 | D:2      | Reached skill level 4 in Fighting
  1306 | D:2      | Reached XP level 4. HP: 34/37 MP: 4/4
  1341 | D:2      | XOM: scenery: create altars
  1466 | D:2      | HP: 1/37 [poisoned by an adder]
  1468 | D:2      | Gained mutation: Your magical capacity is low. (-10% MP) [potion of mutation]
  1468 | D:2      | Gained mutation: You are frail. (-10% HP) [potion of mutation]
  1468 | D:2      | Gained mutation: Your muscles are strong. (Str +2) [potion of mutation]
  1468 | D:2      | Succumbed to an adder's poison

Skill      XL: |  1  2  3 |
---------------+----------+-----
Fighting       | 4 |  4.1
Armour         | 3 |  3.0
Polearms       | |  3.6
Dodging        | |  0.8

Action                   |  1- 3 |  4- 6 || total
-------------------------+-------+-------++-------
Melee: Spear             |   170 |    21 ||   191
Throw: Stone             |     4 |     1 ||     5
  Use: Potion            |       |     3 ||     3
 Stab: Petrifying        |     1 |       ||     1
  Eat: Chunk             |     1 |     1 ||     2
Armor: Leather armour    |    61 |     5 ||    66
Dodge: Dodged            |   105 |     7 ||   112
